 Dungeon Crawl Stone Soup version 0.29.1-2-gbd0b4ee654 (webtiles) character file.

Game seed: 1400931748464634634

145 Firos the Changer (level 5, -1/33 HPs)
             Began as an Octopode Transmuter on Nov 8, 2022.
             Splashed by a jelly's acid (9 damage)
             ... on level 4 of the Dungeon.
             The game lasted 00:04:40 (2545 turns).

Firos the Changer (Octopode Transmuter)             Turns: 2545, Time: 00:04:41

Health: -1/33      AC: -10   Str:  9 (10) XL:     5   Next: 27%
Magic:  3/9        EV: 19    Int: 16 (17) God:
Gold:   145        SH:  0    Dex: 15 (17) Spells: 4/10 levels left

rFire   . . .      SeeInvis .     - Unarmed
rCold   . . .      Faith    .   (shield currently unavailable)
rNeg    . . .      Spirit   .   (helmet currently unavailable)
rPois   x          Reflect  .   b - amulet of regeneration
rElec   .          Harm     .   (no ring)
rCorr   .          Rampage  .   (no ring)
Will    .....                   (no ring)
Stlth   +.........              (no ring)
HPRegen 0.91/turn               (no ring)
MPRegen 0.11/turn               (no ring)
                                (no ring)
                                (no ring)

@: spider-form, wereblooded, corroded
A: venomous fangs, almost no armour, (amphibious), 8 rings, tiny, (camouflage
1), (gelatinous body 1), (nimble swimmer 1), (tentacles)
a: End Transformation


You were on level 4 of the Dungeon.
You were a venomous arachnid creature.
You visited 1 branch of the dungeon, and saw 4 of its levels.

You collected 145 gold pieces.

Inventory:

Jewellery
 b - an amulet of regeneration (around neck)
 e - an amulet of the acrobat
 f - a ring of fire
Potions
 a - a potion of lignification
 c - 3 potions of degeneration
 d - a potion of flight {unknown}
 g - 3 potions of brilliance
 h - a potion of curing


   Skills:
 - Level 1.0 Fighting
 - Level 2.0 Dodging
 - Level 3.0 Unarmed Combat
 + Level 3.2 Spellcasting
 * Level 4.5 Transmutations


You had 4 spell levels left.
You knew the following spells:

 Your Spells              Type           Power      Damage    Failure   Level
a - Beastly Appendage     Tmut           32%        N/A       11%         1
b - Wereblood             Tmut           16%        N/A       13%         2
c - Spider Form           Tmut/Pois      9%         N/A       43%         3

Your spell library contained the following spells:

 Spells                   Type           Power      Damage    Failure   Level
 Ice Form                 Ice/Tmut       9%         N/A       78%         4


Dungeon Overview and Level Annotations

Branches:
Dungeon (4/15)
 Temple: D:4-7

Altars:

Shops:
D:1 (


Innate Abilities, Weirdness & Mutations

You are a venomous arachnid creature.
You have poisonous fangs.
You are tiny and dextrous.
Your spellcasting is less reliable in this form.
Your armour is entirely melded.
You are incapable of wielding weapons or throwing items.
You cannot wear most types of armour.
((You are amphibious.))
You can wear up to eight rings at the same time.
((Your skin changes colour to match your surroundings (Stealth+).))
((Your rubbery body absorbs attacks. (AC +1, EV +1)))
((You are camouflaged when in or above water. (Stealth+)))
((You have tentacles for arms and can constrict up to eight enemies at once.))


Message History

It was a potion of degeneration.
There was something very wrong with that liquid.
You feel weakened.
You feel dopey.
You feel clumsy. The quokka closely misses you. The jelly misses you.
The quokka closely misses you.
It was a potion of curing.
You feel better. The jelly barely misses you. The quokka misses you.
The quokka attacks as you move away! The quokka barely misses you.
The jelly attacks as you move away! The jelly barely misses you.
You hit the quokka but do no damage.
The quokka is poisoned.
The quokka bites you. The jelly barely misses you.
The quokka closely misses you.
You hit the jelly.
Your front legs burn!
The jelly is heavily wounded.
The jelly closely misses you. The quokka misses you.
You hit the jelly but do no damage.
Your front legs burn!
The jelly is heavily wounded.
Your transformation has ended.
The quokka closely misses you. The jelly barely misses you.
Casting: Wereblood (safe; 4% risk of failure)
Confirm with . or Enter, or press ? or * to list all spells.
The spell is quite dangerous to miscast (22% risk of failure)!
Continue anyway?
You turn into a venomous arachnid creature.
You feel a bit better.
You kill the quokka!
The jelly closely misses you.
You hit the jelly but do no damage.
Your front legs burn!
The jelly is heavily wounded.
You hiss as the wereblood boils in your veins!
The hobgoblin misses you. The jelly hits you. The acid corrodes you!
You are splashed with acid.
* * * LOW HITPOINT WARNING * * *
You hit the jelly but do no damage.
The jelly is poisoned.
Your front legs burn!
* * * LOW HITPOINT WARNING * * *
The jelly is heavily wounded.
The jelly hits you.
* * * LOW HITPOINT WARNING * * *
You are splashed with acid!
You die...

.... #'######'
....##.......
............ ...........
........ ..g.. #..# ####
#####..########..######
.....(?)..wgs..........#
...........J...........#
#+####......##....##..##
#+###..##....##..##
#####....#....#
##....#....#
#.....#...## #.....#...#
#####+##..+


You could see a worm, a jelly (very poisoned) and a hobgoblin.

Vanquished Creatures
  4 gnolls (D:4)
  4 adders (D:2)
  A worm (D:2)
  2 dart slugs (D:1)
  2 ball pythons (D:3)
  4 bats
  6 endoplasms
  4 giant cockroaches
  6 goblins
  5 hobgoblins
  3 jackals (D:1)
  4 kobolds
  4 quokkas
  3 frilled lizards
  6 rats
58 creatures vanquished.

Vanquished Creatures (others)
  A plant (D:1)
1 creature vanquished.

Grand Total: 59 creatures vanquished

Notes
Turn   | Place    | Note
-------+----------+-------------------------------------------
     0 | D:1      | Firos the Octopode Transmuter began the quest for the Orb.
     0 | D:1      | Reached XP level 1. HP: 13/13 MP: 3/3
   215 | D:1      | Reached XP level 2. HP: 17/18 MP: 5/5
   220 | D:1      | Learned a level 2 spell: Wereblood
   379 | D:1      | Reached skill level 3 in Transmutations
   407 | D:1      | Reached XP level 3. HP: 23/23 MP: 6/6
   411 | D:1      | Learned a level 3 spell: Spider Form
   480 | D:1      | Found Siafaan's Weapon Shop.
   986 | D:2      | Reached XP level 4. HP: 4/28 MP: 5/8
  1495 | D:2      | Reached skill level 4 in Transmutations
  1752 | D:3      | Found a faded altar of an unknown god.
  2438 | D:4      | Reached XP level 5. HP: 29/33 MP: 4/9
  2545 | D:4      | Splashed by a jelly's acid

Illustrated notes

Levels and vault maps discovered:
D:1:      dpeg_arrival_tiny_a, layout_basic, serial_corexii_hall,
          corexii_hall_statues_x, corexii_hall_statues_x,
          corexii_hall_statues_x, serial_shops, shop, minmay_misc_feat_alley,
          serial_bayou_lagoon_b
D:2:      layout_basic, interstate_on_off
D:3:      layout_basic, nicolae_ecumenical_oubliette
D:4:      cheibrodos_barr_body, layout_gridville, uniq_eustachio

Skill      XL: |  1  2  3  4 |
---------------+-------------+-----
Transmutations | 3 4 |  4.5
Spellcasting   | 3 |  3.2
Fighting       | |  1.0
Dodging        | |  2.0
Unarmed Combat | |  3.0

Action                   |  1- 3 |  4- 6 || total
-------------------------+-------+-------++-------
Melee: Unarmed           |    99 |    64 ||   163
       Constrict         |    23 |     6 ||    29
       Tentacles         |    23 |     4 ||    27
       Punch             |     2 |     1 ||     3
       Kick              |       |     2 ||     2
 Cast: Beastly Appendage |     1 |     1 ||     2
       Spider Form       |       |     5 ||     5
       Wereblood         |       |     1 ||     1
  Use: Scroll            |     2 |     4 ||     6
       Potion            |       |     2 ||     2
 Stab: Sleeping          |     5 |     1 ||     6
Armor: Skin              |     3 |     2 ||     5
Dodge: Dodged            |    52 |    55 ||   107
